Map: Kairos Junction LE

Players

Cytrus

  • Race: Terran Terran
  • League: Master
  • Spawn Location: 11:00

MamaLaMacro - Winner!

  • Race: Protoss Protoss
  • League: Master
  • Spawn Location: 5:00

VOD

https://www.youtube.com/watch?v=rYCbGBjNtAc&feature=youtu.be

Description

Time

  • Played on: March 24, 2019, 10:54 a.m.
  • Length: 4:25
Show
View Real Time Build Order
Export as new Build Order

Cytrus Terran 

Build Orders: Reaper Expand 

Get SALT Encoding   

  12  0:00  SCV  
  13  0:12  SCV  
  14  0:17  Supply Depot  
  14  0:24  SCV  
  15  0:38  SCV  
  15  0:39  Barracks  
  16  0:44  Refinery  
  16  0:50  SCV  
  17  1:02  SCV  
  18  1:14  SCV  
  19  1:27  Reaper, Orbital Command  
  20  1:40  Command Center  
  20  1:53  SCV  
  21  1:56  Supply Depot  
  21  1:59  Marine  
  22  2:05  SCV  
  23  2:10  Barracks  
  23  2:17  SCV  
  23  2:18  Barracks Reactor  
  24  2:23  Barracks  
  24  2:35  SCV  
  25  2:38  Bunker  
  23  2:45  Bunker  
  23  2:47  SCV  
  23  2:56  Marine x2  
  25  2:59  Barracks Tech Lab  
  21  3:11  Marine  
  18  3:15  Marine x2  
  20  3:21  Marine  
  19  3:29  Marine  
  19  3:32  Marine x2  
  20  3:39  Marine  
  15  3:56  Marine  
Show
View Real Time Build Order
Export as new Build Order

MamaLaMacro Protoss - Winner!

Build Orders:  

Get SALT Encoding   

  12  0:00  Probe  
  13  0:13  Probe  
  14  0:17  Pylon  
  14  0:24  Probe  
  15  0:32  Probe  
  15  0:39  Gateway  
  15  0:40  Probe  
  16  0:47  Assimilator  
  17  0:51  Probe  
  18  0:58  Pylon  
  18  1:03  Probe  
  19  1:18  Gateway  
  19  1:24  Probe  
  20  1:27  Cybernetics Core  
  20  1:36  Probe  
  20  1:38  Assimilator  
  20  1:39  Zealot  
  23  1:50  Probe  
  24  1:55  Stalker  
  24  1:57  Stalker  
  24  2:03  Warp Gate  
  24  2:08  Pylon  
  28  2:09  Probe  
  29  2:25  Stalker  
  31  2:30  Stalker  
  33  2:41  Probe  
  33  2:42  Pylon  
  34  3:00  Stalker x2  
  36  3:17  Gateway x2  
  36  3:36  Pylon  
  34  3:50  Pylon  
  32  4:02  Stalker x2  
  36  4:05  Shield Battery  
  34  4:11  Stalker x2  
Tags
 
Add a new tag
Caveats
  • Supply blocks, unpowered buildings, or Contaminate may cause inaccurate times.
  • Supply counts are checked every 10 seconds.